 Dungeon Crawl Stone Soup version 0.29-a0-330-g52719c12eb (webtiles) character file.

Game seed: 10717203859266817063

165 kae the Firebug (level 5, 0/34 HPs)
             Began as an Octopode Fire Elementalist on Apr 16, 2022.
             Splashed by a jelly's acid (5 damage)
             ... on level 4 of the Dungeon.
             The game lasted 00:02:14 (3560 turns).

kae the Firebug (Octopode Fire Elementalist)        Turns: 3560, Time: 00:02:14

Health: 0/34       AC: -3    Str:  7    XL:     5   Next: 46%
Magic:  5/8        EV: 13    Int: 27    God:
Gold:   158        SH:  0    Dex: 13    Spells: 8/9 levels left

rFire   . . .      SeeInvis .   d - +7 dagger "Nesait" {elec, *Noise rC++ rN+ Int+2}
rCold   + + .      Faith    .   (no shield)
rNeg    + . .      Spirit   .   (helmet restricted)
rPois   .          Reflect  .   (no amulet)
rElec   .          Harm     .   e - +6 ring of intelligence
rCorr   .          Rampage  .   (no ring)
Will    .....                   (no ring)
Stlth   +++.......              (no ring)
HPRegen 0.11/turn               (no ring)
MPRegen 0.11/turn               (no ring)
                                (no ring)
                                (no ring)

@: corroded
A: almost no armour, amphibious, 8 rings, camouflage 1, gelatinous body 1,
(nimble swimmer 1), tentacles
a: no special abilities


You were on level 4 of the Dungeon.
You visited 1 branch of the dungeon, and saw 4 of its levels.

You collected 158 gold pieces.

Inventory:

Hand Weapons
 d - the +7 dagger "Nesait" (weapon) {elec, *Noise rC++ rN+ Int+2}
   (You found it on level 2 of the Dungeon)

   It occasionally discharges a powerful burst of electricity upon striking a
   foe.
   Int:       It affects your intelligence (+2).
   rC:        It greatly protects you from cold.
   rN:        It protects you from negative energy.
   *Noise:    It may make noises in combat.
 i - a +1 whip
Jewellery
 b - an amulet of faith
 e - a +6 ring of intelligence (left tentacle)
Wands
 n - a wand of polymorph (4)
Scrolls
 f - a scroll of fear {unknown}
 g - a scroll of noise
 j - 2 scrolls of enchant armour
 m - a scroll of enchant weapon
Potions
 a - 2 potions of magic
 c - a potion of berserk rage
 k - 3 potions of curing
 l - 2 potions of degeneration {unknown}


   Skills:
 + Level 1.6 Fighting
 + Level 2.6 Dodging
 + Level 3.5 Stealth
 + Level 2.6 Spellcasting
 + Level 1.9 Conjurations
 * Level 4.2 Fire Magic


You had 8 spell levels left.
You knew the following spells:

 Your Spells              Type           Power      Damage    Failure   Level
a - Foxfire               Conj/Fire      80%        2x1d8     2%          1

Your spell library contained the following spells:

 Spells                   Type           Power      Damage    Failure   Level
 Scorch                   Fire           52%        2d7       2%          2
 Conjure Flame            Conj/Fire      20%        6-21      8%          3
 Inner Flame              Hex/Fire       14%        N/A       12%         3
 Flame Wave               Conj/Fire      20%        2d7       26%         4
 Gell's Gravitas          Tloc           3%         N/A       28%         3
 Teleport Other           Tloc           3%         N/A       28%         3
 Dispersal                Tloc           1%         N/A       100%        6


Dungeon Overview and Level Annotations

Branches:
Dungeon (4/15)
 Temple: D:4-7

Altars:
Ru

Shops:
D:3 [

Annotations:
D:2 Sigmund


Innate Abilities, Weirdness & Mutations

You cannot wear most types of armour.
You are amphibious.
You can wear up to eight rings at the same time.
Your skin changes colour to match your surroundings (Stealth+).
Your rubbery body absorbs attacks. (AC +1, EV +1)
((You are camouflaged when in or above water. (Stealth+)))
You have tentacles for arms and can constrict up to eight enemies at once.


Message History

f - a scroll labelled IPPEGOXUMP You open the door.
A jelly and 2 jackals come into view.
The jackal barks! x2
Found 12 gold pieces and 4 poisoned darts.
There are monsters nearby!
There are monsters nearby!
Casting: Foxfire (safe; 2% risk of failure)
Confirm with . or Enter, or press ? or * to list all spells.
You conjure some foxfire!
The foxfire hits the jackal.
The jackal is severely wounded.
The foxfire hits the jackal.
The jackal is almost dead.
A jackal comes into view. x2
Casting: Foxfire (safe; 2% risk of failure)
Confirm with . or Enter, or press ? or * to list all spells.
You conjure some foxfire!
The jackal barks!
The jackal closely misses you. x3; The jackal misses you.
The foxfire hits the jackal.
The jackal is almost dead.
The foxfire hits the jackal.
You kill the jackal!
The jackal bites you.
Casting: Foxfire (safe; 2% risk of failure)
Confirm with . or Enter, or press ? or * to list all spells.
You conjure some foxfire!
The jackal closely misses you.
The foxfire hits the jackal.
You kill the jackal!
The foxfire hits the jelly.
The jelly is lightly wounded.
You hit the jelly but do no damage.
Your tentacles burn!
The jelly is lightly wounded.
The jelly hits you. The acid corrodes you!
You are splashed with acid!
You hit the jelly.
Your tentacles burn!
The jelly is moderately wounded.
The jelly hits you.
You are splashed with acid!
* * * LOW HITPOINT WARNING * * *
You hit the jelly.
Your tentacles burn!
You die...

#.# ###.###.# #.# #........
#.# #.#...... #+ #.##
#.#####.# ... #..# #.# #
.... #####.# #.# # .....
##.###.# #.###.#.#
.....$####...##.###........
......'hhJ@................
......####...##.#.#####....
...(. ##.##....# #.# ....
#.#.....# # ... #.#.....#
#+ #.#.....# #.#.....#
#.#.###.# #... ..#


You could see a jelly and 2 jackals.

Vanquished Creatures
  A scorpion (D:3)
  Ijyb (D:3)
  2 adders
  2 dart slugs
  An orc (D:3)
  4 ball pythons
  9 bats
  3 endoplasms
  3 giant cockroaches
  4 goblins
  7 hobgoblins
  2 jackals (D:4)
  2 quokkas (D:1)
  4 frilled lizards
  6 kobolds
  7 rats
58 creatures vanquished.

Vanquished Creatures (others)
  157 foxfires
157 creatures vanquished.

Grand Total: 215 creatures vanquished

Notes
Turn   | Place    | Note
-------+----------+-------------------------------------------
     0 | D:1      | kae the Octopode Fire Elementalist began the quest for the
                  | Orb.
     0 | D:1      | Reached XP level 1. HP: 11/11 MP: 3/3
   311 | D:1      | Reached XP level 2. HP: 10/18 MP: 1/5
  1385 | D:1      | Found a faded altar of an unknown god.
  1536 | D:2      | Identified the +7 dagger "Nesait" {elec, *Noise rC++ rN+
                  | Int+2}
  1627 | D:2      | Reached XP level 3. HP: 21/22 MP: 6/6
  1919 | D:2      | Noticed Sigmund
  2161 | D:2      | Reached skill level 1 in Fighting
  2665 | D:3      | Reached XP level 4. HP: 28/28 MP: 4/7
  2741 | D:3      | Noticed a scorpion
  2746 | D:3      | Killed a scorpion
  2747 | D:3      | Reached skill level 4 in Fire Magic
  2747 | D:3      | Reached XP level 5. HP: 33/33 MP: 2/8
  2834 | D:3      | Found a sacrificial altar of Ru.
  2908 | D:3      | Noticed Ijyb
  2925 | D:3      | Killed Ijyb
  2928 | D:3      | Found Bevup's Antique Armour Shop.
  3560 | D:4      | Splashed by a jelly's acid

Illustrated notes

Levels and vault maps discovered:
D:1:      kilobyte_arrival_exit_the_forest, layout_loops_cross,
          hellmonk_ecumenical_altar_pennies_from_heaven,
          kennysheep_another_room, item_on_display_a
D:2:      layout_basic, st_stairs_8, uniq_sigmund
D:3:      layout_rooms, nicolae_ru_sacrificial_ziggurat, serial_shops, shop,
          kennysheep_nondescript, uniq_ijyb
D:4:      layout_loops_corners

Skill      XL: |  1  2  3  4 |
---------------+-------------+-----
Stealth        | 3 |  3.5
Fighting       | 1 |  1.6
Fire Magic     | 4 |  4.2
Dodging        | |  2.6
Spellcasting   | |  2.6
Conjurations   | |  1.9

Action                   |  1- 3 |  4- 6 || total
-------------------------+-------+-------++-------
Melee: Unarmed           |    13 |    10 ||    23
       Constrict         |     6 |     1 ||     7
       Tentacles         |     4 |       ||     4
       Dagger            |    22 |     6 ||    28
       Whip              |     3 |       ||     3
 Cast: Foxfire           |    61 |    32 ||    93
  Use: Scroll            |     6 |     3 ||     9
 Stab: Sleeping          |     4 |       ||     4
       Confused          |       |     1 ||     1
Armor: Skin              |    11 |     2 ||    13
Dodge: Dodged            |    33 |    13 ||    46

Table legend: (Time is in decaauts)
 A = Elapsed time spent in this place.
 B = Non-inter-level travel time spent in this place.
 C = Inter-level travel time spent in this place.
 D = Time resting spent in this place.
 E = Time spent auto-exploring this place.
 F = Levels seen in this place.
 G = Mean time per level.
                   A        B        C        D        E       F      G
               +--------+--------+--------+--------+--------+-----+--------+
         Total |   3558 |   3406 |    152 |      6 |   2961 |   4 |  889.5 |
       Dungeon |   3558 |   3406 |    152 |      6 |   2961 |   4 |  889.5 |
               +--------+--------+--------+--------+--------+-----+--------+

Top non-repeatable levels by time:
     D:1: 1495 daAuts
     D:2: 1163 daAuts
     D:3: 608 daAuts
     D:4: 290 daAuts
